 Dungeon Crawl Stone Soup version 0.28.0 (webtiles) character file.

Game seed: 16654274648100506786

4 shoop the Scratcher (level 1, 9/9 HPs)
             Began as a Felid Transmuter on Feb 15, 2022.
             Was a Follower of Wu Jian.
             Quit the game on level 1 of the Dungeon.
             The game lasted 00:00:24 (112 turns).

shoop the Scratcher (Felid Transmuter)               Turns: 112, Time: 00:00:25

Health: 9/9        AC:  1    Str:  6    XL:     1   Next: 50%
Magic:  4/4        EV: 17    Int: 14    God:    Wu Jian [*.....]
Gold:   0          SH:  0    Dex: 16    Spells: 3/4 levels left
                                        Lives:  0   Deaths: 0

rFire   . . .      SeeInvis +     - Unarmed
rCold   . . .      Faith    .   (shield unavailable)
rNeg    . . .      Spirit   .   (armour unavailable)
rPois   .          Reflect  .   (helmet unavailable)
rElec   .          Harm     .   (cloak unavailable)
rCorr   .          Rampage  .   (gloves unavailable)
Will    .....                   (boots unavailable)
Stlth   ++........              (no amulet)
HPRegen 0.03/turn               (no ring)
MPRegen 0.09/turn               (no ring)

@: quick
A: very small, claws 1, fangs 3, see invisible, speed 1, shaggy fur 1, stealthy
paws, no weapons or thrown items, no armour, multi-lived
a: Renounce Religion


You were on level 1 of the Dungeon.
You worshipped Wu Jian.
Wu Jian was aware of your devotion.
You visited 1 branch of the dungeon, and saw 1 of its levels.

Inventory:

Scrolls
 a - a scroll of immolation {unknown}
Potions
 b - a potion of brilliance {unknown}


   Skills:
 - Level 1.0 Fighting
 - Level 2.6 Dodging
 + Level 1.7 Stealth
 - Level 3.0 Unarmed Combat
 - Level 2.0 Spellcasting
 - Level 2.1 Transmutations


You had 3 spell levels left.
You knew the following spells:

 Your Spells              Type           Power      Damage    Failure   Level
a - Beastly Appendage     Tmut           14%        N/A       10%         1

Your spell library contained the following spells:

 Spells                   Type           Power      Damage    Failure   Level
 Wereblood                Tmut           7%         N/A       14%         2
 Spider Form              Tmut/Pois      4%         N/A       41%         3
 Ice Form                 Ice/Tmut       4%         N/A       83%         4


Dungeon Overview and Level Annotations

Branches:
Dungeon (1/15)

Altars:
Wu Jian


Innate Abilities, Weirdness & Mutations

You have sharp claws.
You have razor-sharp teeth.
You have supernaturally acute eyesight. (SInv)
You cover ground quickly. (Speed+)
You are covered in fur. (AC +1)
Your paws help you pounce on unaware monsters.
You are incapable of wielding weapons or throwing items.
You cannot wear armour.
You gain extra lives every three experience levels.


Message History

Your Stealth skill increases to level 1!
No target in view!
No target in view!
Your transformation is almost over.
Magic restored.
Found 22 arrows.
Things that are here:
a +0 dagger; a goblin corpse Your horns disappear.
b - a yellow potion You open the large door.
A goblin comes into view. It is wielding a +0 dagger.
There is a large open door here.
Found a stone staircase leading down.
The goblin shouts!
There is a large open door here.
You barely miss the goblin. The goblin closely misses you.
You claw the goblin!
You kill the goblin!
No target in view!
No target in view!
No target in view!
Found a faded altar of an unknown god.
You see here a +0 dagger.
You open the door.
There is an open door here.
There is an open door here.
There is a faded altar of an unknown god here.
There is a faded altar of an unknown god here.
There is a faded altar of an unknown god here.
A hobgoblin comes into view.
The hobgoblin shouts!
A hobgoblin comes into view.
There is a faded altar of an unknown god here.
You cannot tell which god this altar belongs to.
Convert to them anyway?
Wu Jian accepts your prayer! The Council welcomes you!
You can now perform damaging attacks by moving towards foes.
You can now lightly attack monsters by moving around them.
Are you sure you want to abandon this character and quit the game? (Confirm with "yes".)

....# #....# #. ## .. #.####
#. ########'#########. .
#8#.^8#...##.....#. ..
#^#.#.#..)''.....#.
...########.....#...##.....#.
..........#.#........#.....#.
..........###......#.+.....'.
......g.....@......#.#....)##
g..##########.....>#.#.....#
#.#....###+#.....# #.....##
(.......# #^#.#^# ........#
#8#.^8# ......... #######
......... .........


You could see a hobgoblin.

Vanquished Creatures
  A giant cockroach (D:1)
  2 goblins (D:1)
3 creatures vanquished.

Notes
Turn   | Place    | Note
-------+----------+-------------------------------------------
     0 | D:1      | shoop the Felid Transmuter began the quest for the Orb.
     0 | D:1      | Reached XP level 1. HP: 9/9 MP: 4/4
    47 | D:1      | Reached skill level 1 in Stealth
    70 | D:1      | Found a faded altar of an unknown god.
   111 | D:1      | Prayed at the altar of an unknown god.
   111 | D:1      | Became a worshipper of the Wu Jian Council
   111 | D:1      | Reached * piety under Wu Jian
   112 | D:1      | Quit the game

Illustrated notes

Levels and vault maps discovered:
D:1:      lightli_arrival_statuegarden, layout_basic,
          shapermc_ecumenical_altar_mp_highgroup, serial_shops, shop,
          minmay_pentomino_o2

Skill      XL: |  1 |
---------------+----+-----
Stealth        | 1 |  1.7
Fighting       | |  1.0
Dodging        | |  2.6
Unarmed Combat | |  3.0
Spellcasting   | |  2.0
Transmutations | |  2.1

Action                   || total
-------------------------++-------
Melee: Unarmed           ||     6
 Cast: Beastly Appendage ||     1
Dodge: Dodged            ||     3
